 Dungeon Crawl Stone Soup version 0.30.0-19-g36f170ea60 (webtiles) character file.

Game seed: 4352335299677586359

31 McKennaii the Conjurer (level 2, -3/20 HPs)
             Began as a Demigod Conjurer on May 31, 2023.
             Slain by a black bear (4 damage)
             ... on level 1 of the Dungeon.
             The game lasted 00:00:44 (1395 turns).

McKennaii the Conjurer (Demigod Conjurer)           Turns: 1395, Time: 00:00:45

Health: -3/20      AC:  2    Str:  8    XL:     2   Next: 90%
Magic:  4/8        EV:  9    Int: 20    God:
Gold:   30         SH:  0    Dex: 12    Spells: 2/5 levels left

rFire   . . .        (no weapon)
rCold   . . .        (no shield)
rNeg    . . .        a - +0 robe
rPois   .            (no helmet)
rElec   .            (no cloak)
rCorr   .            (no gloves)
SInv    .            (no boots)
Will    .....        (no amulet)
Stlth   ++           (no ring)
HPRegen 0.23/turn    (no ring)
MPRegen 0.11/turn

%: no passive effects
@: constricted
A: high MP 1, forlorn, divine attributes
a: no special abilities


You were on level 1 of the Dungeon.
You visited 1 branch of the dungeon, and saw 2 of its levels.

You collected 30 gold pieces.

Inventory:

Armour
 a - a +0 robe (worn)
Jewellery
 g - a ring of magical power
Wands
 i - a wand of flame (7)
Scrolls
 c - 3 scrolls of identify {unknown}
Potions
 b - a potion of magic
 d - 2 potions of lignification {unknown}
 e - a potion of mutation {unknown}
 f - a potion of attraction {unknown}
 h - a potion of cancellation {unknown}


   Skills:
 - Level 1.7 Dodging
 - Level 1.7 Stealth
 + Level 2.4 Spellcasting
 + Level 4.1 Conjurations


You had 2 spell levels left.
You knew the following spells:

 Your Spells              Type           Power      Damage    Failure   Level
a - Magic Dart            Conj           76%        1d6       2%          1
b - Searing Ray           Conj           38%        2d5       4%          2

Your spell library contained the following spells:

 Spells                   Type           Power      Damage    Failure   Level
 Dazzling Flash           Conj/Hex       20%        N/A       19%         3
 Fulminant Prism          Conj/Hex       5%         3d7       54%         4
 Iskenderun's Mystic Bla  Conj/Tloc      10%        2d4       54%         4


Dungeon Overview and Level Annotations

Branches:
Dungeon (2/15)

Annotations:
D:2 Terence


Innate Abilities, Weirdness & Mutations

You have an increased reservoir of magic. (+10% MP)
You shall have no god before yourself.
Your divine heritage dramatically boosts your attributes as you level up.


Message History

The black bear barely misses you. The ball python bites you.
The ball python grabs you.
You stop ascending the stairs.
The ball python constricts you.
Unknown command.
Unknown command.
Unknown command.
You escape the ball python's grasp.
The black bear bites you. The black bear claws you. x2
You climb upwards.
There is a stone staircase leading down here.
Unknown command.
Unknown command.
Casting: Magic Dart (safe; 2% risk of failure)
Confirm with . or Enter, or press ? or * to list all spells.
Aiming: Searing Ray (safe; 4% risk of failure)
Press: ? - help, Shift-Dir - straight line, f - black bear
Aim: a black bear (84% to hit)
The searing ray hits the black bear.
The black bear is moderately wounded. (Press . to maintain the ray.)
The ball python bites you. The ball python completely misses you.
The black bear bites you. The black bear misses you.
The black bear closely misses you.
The searing ray hits the black bear.
The black bear is heavily wounded.
The ball python closely misses you. The ball python barely misses you.
The black bear bites you.
* * * LOW HITPOINT WARNING * * *
The black bear closely misses you. The black bear claws you.
* * * LOW HITPOINT WARNING * * *
The ball python bites you.
* * * LOW HITPOINT WARNING * * *
The ball python grabs you. The ball python constricts you.
Unknown command.
The searing ray hits the black bear.
The black bear is severely wounded.
The ball python barely misses you. The ball python constricts you.
* * * LOW HITPOINT WARNING * * *
The black bear barely misses you. The black bear claws you.
You die...

##.###.## #.# ##.....#
#.# ### #####.# #.#
..# #.## #.# #.# #..#
#.# #.# ##.# #.# #.#
#.# #.# #.# #h# #.#
#.######## #@# #.#
.........# #S# #.#
......##.# #.# #.#
#.#.#.##.# #.# #.#
..#..#.#.# #.# #>#
....###..#######.###.#
##.## ##...........).#
#..###.[........#####
#.#.#.#.#########


You could see a black bear and a ball python.

Vanquished Creatures
  3 bats
  3 endoplasms (D:1)
  3 giant cockroaches
  2 goblins
  6 hobgoblins
  2 kobolds
  A quokka (D:1)
  3 ball pythons (D:1)
  A frilled lizard (D:1)
  2 rats (D:1)
26 creatures vanquished.

Notes
Turn   | Place    | Note
-------+----------+-------------------------------------------
     0 | D:1      | McKennaii the Demigod Conjurer began the quest for the Orb.
     0 | D:1      | Reached XP level 1. HP: 14/14 MP: 5/5
   395 | D:1      | Reached XP level 2. HP: 20/20 MP: 0/7
   660 | D:1      | Reached skill level 4 in Conjurations
  1066 | D:2      | Learned a level 2 spell: Searing Ray
  1214 | D:2      | Noticed Terence
  1389 | D:2      | Noticed a black bear
  1394 | D:1      | HP: 1/20 [ball python (2)]
  1395 | D:1      | Slain by a black bear

Illustrated notes

Levels and vault maps discovered:
D:1:      onia_arrival_mini_spirals, layout_loops_ring
D:2:      layout_rooms, dk_noncrumbling_2, dreamdust_princess_bridge,
          chequers_hall_statues_corner_a, uniq_terence

Skill      XL: |  1  2 |
---------------+-------+-----
Spellcasting   | 2 |  2.4
Conjurations   | 4 |  4.1
Dodging        | |  1.7
Stealth        | |  1.7

Action                     || total
---------------------------++-------
  Melee: Unarmed           ||     6
   Cast: Magic Dart        ||    59
         Searing Ray       ||     1
 Armour: Robe              ||     2
  Dodge: Dodged            ||    25
